 Dungeon Crawl Stone Soup version 0.29.1-15-g9cfb28693d (webtiles) character file.

Game seed: 810273496058217620

37 Jase the Ruffian (level 3, -15/36 HPs)
             Began as a Troll Monk on Mar 28, 2023.
             Demolished by an ogre
             ... wielding a +0 giant spiked club
              (34 damage)
             ... on level 2 of the Dungeon.
             The game lasted 00:02:06 (1078 turns).

Jase the Ruffian (Troll Monk)                       Turns: 1078, Time: 00:02:07

Health: -15/36     AC:  4    Str: 19    XL:     3   Next: 23%
Magic:  2/2        EV: 10    Int:  6    God:
Gold:   48         SH:  5    Dex: 14    Spells: 2/2 levels left

rFire   . . .      SeeInvis .     - Unarmed
rCold   . . .      Faith    .   (no shield)
rNeg    . . .      Spirit   .   a - +0 robe
rPois   .          Reflect  +   (helmet restricted)
rElec   .          Harm     .   (no cloak)
rCorr   .          Rampage  .   (gloves unavailable)
Will    .....                   (boots unavailable)
Stlth   ++........              k - amulet of reflection
HPRegen 0.92/turn               (no ring)
MPRegen 0.08/turn               (no ring)

@: no status effects
A: large, unfitting armour, claws 3, regeneration 1, shaggy fur 1, tough skin 1
a: no special abilities


You were on level 2 of the Dungeon.
You visited 1 branch of the dungeon, and saw 2 of its levels.

You collected 75 gold pieces.
You spent 27 gold pieces at shops.

Inventory:

Armour
 a - a +0 robe (worn)
Jewellery
 k - an amulet of reflection (around neck)
Scrolls
 d - a scroll of immolation {unknown}
 e - 2 scrolls of identify {unknown}
 f - a scroll of noise {unknown}
 g - a scroll of silence {unknown}
 h - 3 scrolls of brand weapon {unknown}
 i - a scroll of summoning {unknown}
 m - a scroll of amnesia {unknown}
Potions
 b - 2 potions of ambrosia
 c - a potion of magic {unknown}
 l - a potion of invisibility {unknown}


   Skills:
 - Level 2.4 Fighting
 - Level 2.4 Dodging
 - Level 1.0 Stealth
 * Level 4.4 Unarmed Combat


You had 2 spell levels left.
You didn't know any spells.
Your spell library contained the following spells:

 Spells                   Type           Power      Damage    Failure   Level
 Apportation              Tloc           0%         N/A       45%         1
 Necrotise                Necr           0%         1d4       45%         1
 Summon Small Mammal      Summ           0%         N/A       45%         1


Dungeon Overview and Level Annotations

Branches:
Dungeon (2/15)

Altars:

Shops:
D:1 *!:


Innate Abilities, Weirdness & Mutations

You are too large for most types of armour.
You have claws for hands.
Your natural rate of healing is unusually fast.
You are covered in fur. (AC +1)
You have tough skin. (AC +1)


Message History

No target in view!
Things that are here:
a +0 whip; a kobold corpse As you open the door, it creaks loudly!
An ogre comes into view. It is wielding a +0 giant spiked club.
The ogre shouts!
You hear a shout!
A goblin comes into view. It is wielding a +0 club.
Found a scroll labelled OTTOTU NUYLY.
Throw: 2 javelins
Press: ? - help, Q - select action Shift-Dir - straight line, f - ogre
Aim: an ogre, wielding a +0 giant spiked club (74% to hit)
You throw a javelin. The javelin pierces through the ogre!
The ogre is moderately wounded.
The javelin pierces through the goblin!
You kill the goblin!
Throw: javelin
Press: ? - help, Q - select action Shift-Dir - straight line, f/p - ogre
Aim: an ogre, wielding a +0 giant spiked club (moderately wounded, 74% to hit)
You throw a javelin. The javelin barely misses the ogre.
Unknown command.
You scratch the ogre.
The ogre is moderately wounded.
An endoplasm comes into view.
You block the ogre's attack.
You barely miss the ogre.
The ogre is moderately wounded.
You claw the ogre!
The ogre is heavily wounded.
The ogre misses you.
You claw the ogre!
The ogre is almost dead.
The ogre hits you with a +0 giant spiked club!!
Ouch! That really hurt!
You barely miss the ogre.
The ogre is almost dead.
You barely miss the ogre.
The ogre is almost dead.
The ogre hits you with a +0 giant spiked club!!
Ouch! That really hurt!
You die...

...O..### #
..g...'(# #.
#)###.###
#.#.....###### ###
#.#.#.#.##...# ..#
#J#.#.#.##...# #.#
#.#.#.#..'...###.#
#O#...#.##.......#
#@#..##.#.....#...
#..).##.#.....#.##
####....#.#####...
######.# #... #.#
#... #.# #... #.#
##.. #.# #.. #..
###


You could see an ogre and an endoplasm.

Vanquished Creatures
  An adder (D:2)
  A dart slug (D:1)
  A bat (D:2)
  An endoplasm (D:2)
  A giant cockroach (D:1)
  4 hobgoblins
  3 kobolds
  2 quokkas (D:1)
  3 ball pythons (D:1)
  2 frilled lizards
  A goblin (D:2)
  4 rats (D:1)
24 creatures vanquished.

Notes
Turn   | Place    | Note
-------+----------+-------------------------------------------
     0 | D:1      | Jase the Troll Monk began the quest for the Orb.
     0 | D:1      | Reached XP level 1. HP: 22/22 MP: 0/0
    65 | D:1      | Found Foirhets's Book Shoppe.
   215 | D:1      | Reached XP level 2. HP: 24/29 MP: 1/1
   394 | D:1      | Found Zuruvas's Distillery.
   408 | D:1      | Bought a potion of degeneration for 10 gold pieces
   689 | D:1      | Found Ceurro Qulo's Assorted Antiques.
   698 | D:1      | Bought a scroll labelled LAORING UFRAE for 17 gold pieces
   868 | D:2      | Reached skill level 4 in Unarmed Combat
   880 | D:2      | Reached XP level 3. HP: 35/36 MP: 2/2
  1064 | D:2      | Noticed an ogre
  1078 | D:2      | Demolished by an ogre

Illustrated notes

Levels and vault maps discovered:
D:1:      giann_bridges, layout_basic, serial_shops, nicolae_shop_crystal,
          nicolae_lakefront_shop, nicolae_lakefront_shop
D:2:      layout_basic

Skill      XL: |  1  2 |
---------------+-------+-----
Unarmed Combat | 4 |  4.4
Fighting       | |  2.4
Dodging        | |  2.4
Stealth        | |  1.0

Action                   || total
-------------------------++-------
Melee: Unarmed           ||    59
       Punch             ||     2
Throw: Javelin           ||     2
 Stab: Sleeping          ||     2
Armor: Robe              ||     8
Dodge: Dodged            ||    25
Block: Other             ||     1
